[ AOE2 MATCH · #460749693 ]
1v1 RMJapanese vs Magyars
Player's team · WIN
Rival team · LOSS
[ REPLAY ANALYSIS · EXTRACTED FROM THE RECORDED GAME ]
Feudal
10:15
Castle
20:31
Imperial
37:31
| APM avg | 10.2 |
| APM peak | 20 |
| eAPM avg | 9.3 |
| Villagers / military | 84 / 45 |
Focus
⚔️ 34.8% · 🌾 65.2%
Unknown (2626) ×14 · Spearman ×13 · Fishing Ship ×12 · Demolition Raft ×10 · Knight ×7 · Fire Galley ×6
Feudal
—
Castle
—
Imperial
—
| APM avg | 12.1 |
| APM peak | 41 |
| eAPM avg | 7.9 |
| Villagers / military | 28 / 40 |
Focus
⚔️ 45.8% · 🌾 54.2%
Unknown (2626) ×26 · Scout Cavalry ×23 · Spearman ×12 · Fishing Ship ×6 · Fire Galley ×3 · Militia ×2
Match map
Resources at game start + every placement click. Thick line = wall · dashed box = detected house wall. 🟡 gold · ⚪ stone · 🟢 berries · 🔶 boar · ⭕ relic
Inputs per minute
— EliasCar - - DeathCrow501
Build order — EliasCar
First 150 of 280 actions detected
| 0:07 | Research | Loom |
| 0:08 | Create | Villager (Male) |
| 0:09 | Create | Villager (Male) |
| 0:09 | Create | Villager (Male) |
| 0:09 | Create | Villager (Male) |
| 0:09 | Create | Villager (Male) |
| 0:18 | Build | House |
| 0:47 | Build | House |
| 0:50 | Build | House |
| 0:51 | Build | House |
| 1:52 | Build | Lumber Camp |
| 2:02 | Create | Villager (Male) |
| 2:31 | Create | Villager (Male) |
| 2:31 | Create | Villager (Male) |
| 2:56 | Create | Villager (Male) |
| 3:26 | Create | Villager (Male) |
| 3:55 | Create | Villager (Male) |
| 3:55 | Create | Villager (Male) |
| 4:19 | Create | Villager (Male) |
| 4:19 | Create | Villager (Male) |
| 4:47 | Create | Villager (Male) |
| 4:47 | Create | Villager (Male) |
| 5:17 | Create | Villager (Male) |
| 5:17 | Create | Villager (Male) |
| 5:17 | Create | Villager (Male) |
| 5:25 | Create | Villager (Male) |
| 5:43 | Build | Mill |
| 6:07 | Create | Villager (Male) |
| 6:08 | Create | Villager (Male) |
| 6:08 | Create | Villager (Male) |
| 6:20 | Create | Villager (Male) |
| 6:44 | Build | House |
| 7:13 | Build | House |
| 7:51 | Research | Feudal Age |
| 8:13 | Build | Lumber Camp |
| 8:48 | Build | Dock |
| 9:33 | Build | Mining Camp |
| 10:03 | Build | Farm |
| 10:12 | Create | Fishing Ship |
| 10:15 | Age | Feudal Age |
| 10:21 | Research | Town Watch |
| 10:37 | Research | Wheelbarrow |
| 10:58 | Create | Villager (Male) |
| 10:59 | Create | Villager (Male) |
| 11:12 | Research | Horse Collar |
| 11:18 | Research | Double-Bit Axe |
| 11:35 | Build | Lumber Camp |
| 11:51 | Research | Gold Mining |
| 12:34 | Create | Villager (Male) |
| 12:34 | Create | Villager (Male) |
| 12:47 | Create | Fishing Ship |
| 12:56 | Create | Villager (Male) |
| 12:56 | Create | Villager (Male) |
| 12:56 | Create | Villager (Male) |
| 13:02 | Build | Farm |
| 13:19 | Research | Stone Mining |
| 13:29 | Create | Fishing Ship |
| 13:36 | Create | Villager (Male) |
| 14:33 | Create | Villager (Male) |
| 14:33 | Create | Villager (Male) |
| 14:49 | Build | House |
| 14:54 | Build | House |
| 14:58 | Build | House |
| 15:06 | Build | Barracks |
| 15:18 | Build | Lumber Camp |
| 15:30 | Create | Villager (Male) |
| 15:30 | Create | Villager (Male) |
| 15:31 | Create | Villager (Male) |
| 15:52 | Build | Mining Camp |
| 16:11 | Build | Stable |
| 16:26 | Build | Mining Camp |
| 16:35 | Build | Market |
| 16:46 | Create | Villager (Male) |
| 16:46 | Create | Villager (Male) |
| 16:55 | Build | Lumber Camp |
| 17:21 | Create | Villager (Male) |
| 17:31 | Research | Castle Age |
| 17:31 | Research | Castle Age |
| 17:37 | Research | Arson |
| 17:52 | Create | Fishing Ship |
| 17:53 | Create | Fishing Ship |
| 18:00 | Build | Dock |
| 18:23 | Research | Man-at-Arms (upgrade) |
| 18:37 | Research | Bloodlines |
| 18:48 | Create | Spearman |
| 18:48 | Create | Spearman |
| 18:49 | Create | Spearman |
| 18:49 | Create | Spearman |
| 18:54 | Create | Scout Cavalry |
| 19:05 | Create | Fishing Ship |
| 19:05 | Create | Fishing Ship |
| 19:15 | Create | Fishing Ship |
| 19:15 | Create | Fishing Ship |
| 19:16 | Create | Fishing Ship |
| 19:23 | Build | Lumber Camp |
| 20:31 | Age | Castle Age |
| 20:36 | Research | Hand Cart |
| 20:38 | Build | Farm |
| 20:48 | Build | House |
| 21:14 | Research | Tech 906 |
| 21:26 | Research | Bow Saw |
| 21:34 | Research | Town Patrol |
| 21:54 | Research | Heavy Plow |
| 22:19 | Create | Demolition Raft |
| 22:26 | Create | Fire Galley |
| 22:28 | Create | Unit 2626 |
| 22:34 | Create | Demolition Raft |
| 22:36 | Create | Unit 2626 |
| 22:46 | Research | Gold Shaft Mining |
| 22:50 | Create | Villager (Male) |
| 22:51 | Create | Villager (Male) |
| 22:58 | Build | Farm |
| 23:00 | Build | Farm |
| 23:03 | Build | Farm |
| 23:05 | Build | Farm |
| 23:08 | Create | Villager (Male) |
| 23:09 | Create | Villager (Male) |
| 23:09 | Create | Villager (Male) |
| 23:31 | Create | Demolition Raft |
| 23:58 | Build | House |
| 24:09 | Create | Unit 2626 |
| 24:17 | Build | House |
| 24:19 | Build | House |
| 24:25 | Research | Pikeman (upgrade) |
| 24:28 | Research | Husbandry |
| 24:35 | Create | Unit 2626 |
| 24:59 | Build | Fish Trap |
| 24:59 | Build | Fish Trap |
| 25:00 | Build | Fish Trap |
| 25:01 | Build | Fish Trap |
| 25:18 | Build | Fish Trap |
| 25:19 | Build | Fish Trap |
| 25:20 | Build | Fish Trap |
| 25:21 | Build | Fish Trap |
| 25:23 | Build | Fish Trap |
| 25:29 | Research | Gillnets |
| 25:34 | Create | Fishing Ship |
| 25:35 | Create | Fishing Ship |
| 25:42 | Create | Fire Galley |
| 25:43 | Create | Unit 2626 |
| 25:57 | Build | Farm |
| 26:03 | Create | Villager (Male) |
| 26:03 | Create | Villager (Male) |
| 26:03 | Create | Villager (Male) |
| 26:04 | Create | Villager (Male) |
| 26:14 | Build | Farm |
| 26:15 | Build | Farm |
| 26:21 | Build | Farm |
| 26:23 | Build | Farm |
| 26:24 | Build | Farm |
Build order — DeathCrow501
140 actions detected in the replay
| 0:33 | Research | Loom |
| 0:33 | Create | Villager (Male) |
| 0:33 | Create | Villager (Male) |
| 0:34 | Create | Villager (Male) |
| 0:34 | Create | Villager (Male) |
| 0:34 | Create | Villager (Male) |
| 3:27 | Build | Lumber Camp |
| 4:37 | Build | House |
| 4:39 | Build | House |
| 6:44 | Create | Villager (Male) |
| 9:00 | Build | Dock |
| 9:47 | Research | Feudal Age |
| 10:08 | Build | Mill |
| 11:03 | Create | Villager (Male) |
| 11:04 | Create | Villager (Male) |
| 11:11 | Create | Fishing Ship |
| 12:18 | Research | Horse Collar |
| 12:43 | Create | Villager (Male) |
| 12:43 | Create | Villager (Male) |
| 12:44 | Create | Villager (Male) |
| 13:09 | Research | Wheelbarrow |
| 13:14 | Create | Villager (Male) |
| 13:52 | Research | Double-Bit Axe |
| 14:09 | Create | Villager (Male) |
| 14:36 | Create | Villager (Male) |
| 14:36 | Create | Villager (Male) |
| 15:32 | Build | House |
| 15:34 | Build | House |
| 15:36 | Build | House |
| 16:16 | Create | Fishing Ship |
| 16:16 | Create | Fishing Ship |
| 16:16 | Create | Fishing Ship |
| 17:19 | Create | Villager (Male) |
| 17:19 | Create | Villager (Male) |
| 17:20 | Create | Villager (Male) |
| 17:35 | Create | Fishing Ship |
| 17:35 | Create | Fishing Ship |
| 17:54 | Research | Tech 906 |
| 18:59 | Create | Villager (Male) |
| 18:59 | Create | Villager (Male) |
| 19:00 | Create | Villager (Male) |
| 19:20 | Create | Fire Galley |
| 19:20 | Create | Fire Galley |
| 19:34 | Build | Mining Camp |
| 19:58 | Build | Barracks |
| 20:30 | Build | Blacksmith |
| 21:23 | Build | Market |
| 21:59 | Create | Unit 2626 |
| 22:51 | Create | Fire Galley |
| 24:38 | Create | Unit 2626 |
| 24:38 | Create | Unit 2626 |
| 24:39 | Create | Unit 2626 |
| 25:09 | Create | Unit 2626 |
| 25:35 | Create | Spearman |
| 25:35 | Create | Spearman |
| 25:35 | Create | Spearman |
| 25:35 | Create | Spearman |
| 25:36 | Create | Spearman |
| 25:36 | Create | Spearman |
| 25:36 | Create | Spearman |
| 25:36 | Create | Spearman |
| 25:37 | Create | Spearman |
| 25:37 | Create | Spearman |
| 25:38 | Research | Arson |
| 25:39 | Create | Spearman |
| 25:39 | Create | Spearman |
| 26:25 | Create | Unit 2626 |
| 26:25 | Create | Unit 2626 |
| 26:25 | Create | Unit 2626 |
| 26:47 | Research | Gold Mining |
| 27:05 | Build | House |
| 27:07 | Build | House |
| 27:46 | Create | Villager (Male) |
| 27:47 | Create | Villager (Male) |
| 27:47 | Create | Villager (Male) |
| 27:47 | Create | Villager (Male) |
| 28:03 | Build | House |
| 28:04 | Build | House |
| 28:05 | Build | House |
| 28:06 | Build | House |
| 28:07 | Build | House |
| 28:26 | Research | Castle Age |
| 28:46 | Build | Stable |
| 28:47 | Build | Stable |
| 29:42 | Create | Unit 2626 |
| 29:42 | Create | Unit 2626 |
| 29:42 | Create | Unit 2626 |
| 29:43 | Create | Unit 2626 |
| 30:17 | Research | Bloodlines |
| 30:35 | Create | Unit 2626 |
| 30:35 | Create | Unit 2626 |
| 30:43 | Create | Scout Cavalry |
| 30:43 | Create | Scout Cavalry |
| 30:44 | Create | Scout Cavalry |
| 30:44 | Create | Scout Cavalry |
| 30:44 | Create | Scout Cavalry |
| 30:45 | Create | Scout Cavalry |
| 30:45 | Create | Scout Cavalry |
| 30:45 | Create | Scout Cavalry |
| 30:45 | Create | Scout Cavalry |
| 30:46 | Create | Scout Cavalry |
| 30:46 | Create | Scout Cavalry |
| 30:46 | Create | Scout Cavalry |
| 31:34 | Create | Unit 2626 |
| 31:34 | Create | Unit 2626 |
| 31:35 | Create | Unit 2626 |
| 31:35 | Create | Unit 2626 |
| 31:42 | Create | Villager (Male) |
| 31:42 | Create | Villager (Male) |
| 31:43 | Create | Villager (Male) |
| 32:30 | Research | War Galley (upgrade) |
| 33:39 | Build | Dock |
| 33:40 | Build | Dock |
| 34:09 | Create | Unit 2626 |
| 34:10 | Create | Unit 2626 |
| 34:10 | Create | Unit 2626 |
| 34:37 | Research | Light Cavalry (upgrade) |
| 34:39 | Research | Husbandry |
| 36:18 | Create | Unit 2626 |
| 36:19 | Create | Unit 2626 |
| 36:19 | Create | Unit 2626 |
| 36:19 | Create | Unit 2626 |
| 36:19 | Create | Unit 2626 |
| 38:03 | Create | Scout Cavalry |
| 38:04 | Create | Scout Cavalry |
| 38:04 | Create | Scout Cavalry |
| 38:04 | Create | Scout Cavalry |
| 38:04 | Create | Scout Cavalry |
| 38:05 | Create | Scout Cavalry |
| 38:05 | Create | Scout Cavalry |
| 38:05 | Create | Scout Cavalry |
| 38:05 | Create | Scout Cavalry |
| 38:06 | Create | Scout Cavalry |
| 38:06 | Create | Scout Cavalry |
| 39:30 | Research | Scale Barding Armor |
| 40:39 | Build | Barracks |
| 40:41 | Build | Barracks |
| 40:47 | Create | Militia |
| 40:47 | Create | Militia |
| 40:50 | Research | Man-at-Arms (upgrade) |
Match timeline
| 8:48 | EliasCar · first_building Dock |
| 9:00 | DeathCrow501 · first_building Dock |
| 10:15 | EliasCar · age_up feudal |
| 15:06 | EliasCar · first_building Barracks |
| 16:11 | EliasCar · first_building Stable |
| 19:58 | DeathCrow501 · first_building Barracks |
| 20:31 | EliasCar · age_up castle |
| 28:46 | DeathCrow501 · first_building Stable |
| 30:19 | EliasCar · first_building Monastery |
| 35:25 | EliasCar · first_building Castle |
| 37:31 | EliasCar · age_up imperial |
| 41:20 | DeathCrow501 · resign |
[ AI ANALYSIS · 1 CREDIT ]
What really happened in this match?
Wolo.gg analyzes every decision: build order, eco, micro, common mistakes by bracket. Personalized analysis on WhatsApp or Discord in 30 seconds.
Civ guide
Japanese
Map guide
MegaRandom
Perfil
EliasCar